 Dungeon Crawl Stone Soup version 0.32-a0-798-gfa783ce77f (webtiles) character file.

Game seed: 13588879487293848810

9681 Fandomethor the Martial Artist (level 11, -8/75 HPs)
             Began as a Gnoll Shapeshifter on Mar 21, 2024.
             Was an Elder of Fedhas.
             Killed from afar by a gargoyle (21 damage)
             ... with a stone arrow
             ... on level 10 of the Dungeon.
             The game lasted 00:25:07 (13155 turns).

Fandomethor the Martial Artist (GnSh)              Turns: 13155, Time: 00:25:08

Health: -8/75      AC:  5    Str: 19    XL:     11   Next: 50%
Magic:  20/20      EV: 14    Int: 12    God:    Fedhas [****..]
Gold:   525        SH:  0    Dex: 14    Spells: 23/23 levels left

rFire   . .          .
                       - Unarmed
rCold   + . .        (shield currently unavailable)
rNeg    . . .        K - +0 steam dragon scales
rPois   .            (no helmet)
rElec   .            J - +1 cloak
rCorr   .            i - melded +0 pair of gloves
SInv    .            h - +0 pair of boots
Will    .....        (no amulet)
Stlth   +++          l - +6 ring of strength
HPRegen 0.32/turn    z - ring of protection from cold
MPRegen 0.17/turn

%: no passive effects
@: blade hands
A: reduced hp, fangs 1, strong nose, distributed training
a: Begin Untransformation, Renounce Religion, Wall of Briars, Grow
Ballistomycete, Overgrow


You were on level 10 of the Dungeon.
You worshipped Fedhas.
Fedhas was greatly pleased with you.
You had blades for hands.
You visited 2 branches of the dungeon, and saw 11 of its levels.
You also visited: Sewer.

You collected 525 gold pieces.

Inventory:

Armour
 h - a +0 pair of boots (worn)
 i - a +0 pair of gloves (melded)
 J - a +1 cloak (worn)
 K - +0 steam dragon scales (worn)
Jewellery
 e - a ring of positive energy
 l - a +6 ring of strength (left blade hand)
 x - a ring of fire
 z - a ring of protection from cold (right blade hand)
 L - a ring of flight
 O - a ring of resist corrosion
 Q - a ring of poison resistance
Talismans
 d - a flux talisman
 n - a beast talisman
 P - a blade talisman (active)
Wands
 b - a wand of warping (6)
 D - a wand of paralysis (9)
 F - a wand of polymorph (8)
 G - a wand of digging (4)
Scrolls
 g - 2 scrolls of torment
 j - 4 scrolls of immolation
 o - 2 scrolls of enchant armour
 p - 3 scrolls of revelation
 r - a scroll of teleportation
 s - 2 scrolls of enchant weapon
 t - 2 scrolls of butterflies
 y - a scroll of acquirement {unknown}
 B - 3 scrolls of poison
 C - a scroll of amnesia {unknown}
 I - 2 scrolls of silence {unknown}
 N - a scroll of identify
Potions
 a - a potion of might {unknown}
 c - a potion of cancellation
 k - 2 potions of berserk rage {unknown}
 m - 2 potions of attraction {unknown}
 q - 3 potions of haste {unknown}
 v - 3 potions of degeneration {unknown}
 w - a potion of brilliance {unknown}
 A - a potion of invisibility {unknown}
 E - a potion of resistance {unknown}
 H - 4 potions of mutation {unknown}
 M - a potion of enlightenment {unknown}


   Skills:
 + Level 7.1 Fighting
 + Level 6.6 Short Blades
 + Level 6.6 Long Blades
 + Level 6.6 Axes
 + Level 6.6 Maces & Flails
 + Level 6.6 Polearms
 + Level 6.6 Staves
 + Level 6.6 Ranged Weapons
 + Level 6.6 Throwing
 + Level 6.6 Armour
 + Level 8.1 Dodging
 + Level 6.6 Stealth
 + Level 6.6 Shields
 + Level 9.4 Unarmed Combat
 + Level 6.6 Spellcasting
 + Level 5.4 Conjurations
 + Level 5.4 Hexes
 + Level 5.4 Summonings
 + Level 5.4 Necromancy
 + Level 5.4 Translocations
 + Level 5.4 Fire Magic
 + Level 5.4 Ice Magic
 + Level 5.4 Air Magic
 + Level 5.4 Earth Magic
 + Level 5.4 Alchemy
 + Level 7.2 Invocations
 + Level 6.6 Evocations
 + Level 9.0 Shapeshifting


You had 23 spell levels left.
You didn't know any spells.
Your spell library contained the following spells:

 Spells                   Type           Power      Damage    Failure   Level
 Foxfire                  Conj/Fire      68%        2x1d7     1%          1
 Mercury Vapours          Alch/Air       34%        N/A       2%          2
 Searing Ray              Conj           34%        2d5       2%          2
 Sublimation of Blood     Necr           17%        N/A       2%          2
 Call Canine Familiar     Summ           17%        N/A       5%          3
 Mephitic Cloud           Conj/Alch/Air  17%        N/A       5%          3
 Sigil of Binding         Hex            17%        N/A       5%          3
 Brom's Barrelling Bould  Conj/Erth      17%        2d4       19%         4
 Dimensional Bullseye     Hex/Tloc       8%         N/A       19%         4
 Petrify                  Alch/Erth      17%        N/A       19%         4
 Freezing Cloud           Conj/Ice/Air   8%         6-21      45%         5
 Irradiate                Conj/Alch      8%         3d14      45%         5
 Iskenderun's Battlesphe  Conj           17%        2d7       45%         5
 Plasma Beam              Fire/Air       8%         2x1d19    95%         6
 Starburst                Conj/Fire      8%         6d4       95%         6
 Shatter                  Erth           8%         3d10*     100%        9


Dungeon Overview and Level Annotations

Branches:
Dungeon (10/15)            Temple (1/1) D:7            Lair (0/5) D:8
  Sewer (visited)
    Orc: D:9-12

Altars:
Ashenzari
Cheibriados
Dithmenos
Elyvilon
Fedhas
Hepliaklqana
Kikubaaqudgha
Makhleb
Nemelex Xobeh
Okawaru
Qazlal
Ru
Sif Muna
Trog
Uskayaw
Vehumet
Wu Jian
Xom
Yredelemnul
Zin
The Shining One

Shops:
D:5 [   D:6 :

Annotations:
D:7 Drangen's ghost, novice CoHu


Innate Abilities, Weirdness & Mutations

You have blades for hands.
Your maximum health is decreased, since you lack skill for your form.
You are incapable of wielding weapons or throwing items.
You have very sharp teeth.
Your uncanny sense of smell can sniff out nearby items.
Your experience applies equally to all skills.


Message History

You feel sick.
The killer bee stings you but does no damage.
The killer bee closely misses you.
You barely miss the killer bee.
The killer bee is moderately wounded.
You feel sick. The killer bee stings you.
* * * LOW HITPOINT WARNING * * *
You are more poisoned.
The killer bee poisons you! The killer bee misses you.
Okay, then.
Okay, then.
You slice the killer bee!!
You kill the killer bee!
Fedhas appreciates your contribution to the ecosystem.
You feel sick. The killer bee closely misses you.
You slash the killer bee!
The killer bee is almost dead.
You feel sick. The killer bee stings you.
* * * LOW HITPOINT WARNING * * *
A gargoyle comes into view. It is wielding a +0 mace.
The killer bee stings you!
* * * LOW HITPOINT WARNING * * *
You feel better. The killer bee closely misses you. x2
You barely miss the killer bee.
The killer bee is almost dead.
The killer bee misses you.
You miss the killer bee. Your bite misses the killer bee.
The killer bee is almost dead.
The killer bee misses you. The killer bee stings you.
* * * LOW HITPOINT WARNING * * *
As you read the scroll of fear, it crumbles to dust.
You assume a fearsome visage.
The gargoyle is unaffected.
The killer bee looks frightened!
The gargoyle hurls a stone arrow at you.
The stone arrow misses you.
There is a stone staircase leading down here.
The gargoyle hurls a stone arrow at you.
The stone arrow hits you!!
You die...
Fedhas appreciates your contribution to the ecosystem.

≈#.....†.........................
≈#...............................
≈#...............................
≈#..............................#
≈#............9................##
≈####.........................##
# ##.......................##
##.....................##
##........@>.........##
#####################


You could see a gargoyle.

Vanquished Creatures
  2 two-headed ogres
  An oklob plant (D:3)
  Maurice (D:7)
  A rime drake (D:8)
  A komodo dragon (D:10)
  3 trolls
  A hornet (D:9)
  Sigmund (D:2)
  A wyvern (D:9)
  12 yaks
  An unseen horror simulacrum (D:7)
  2 steam dragons
  2 water moccasins
  2 sky beasts
  2 orc warriors
  5 ice beasts
  2 black bears
  2 wolves
  2 ogres
  A phantom (D:5)
  A kobold brigand (D:6)
  2 brain worms (Sewer)
  A bullfrog (D:9)
  2 gnoll sergeants
  Blork the orc (D:5)
  2 scorpions
  8 wights
  5 killer bees (D:10)
  A howler monkey (D:7)
  A jelly (D:7)
  A bombardier beetle (D:4)
  2 gnoll boudas
  4 hounds
  3 orc priests
  Jessica (D:2)
  4 iguanas
  Terence (D:2)
  4 orc wizards
  13 adders
  26 gnolls
  3 river rats
  A shadow imp (D:7)
  3 white imps
  A ribbon worm (D:2)
  4 dart slugs
  17 orcs
  9 endoplasms
  8 giant cockroaches
  8 goblins
  6 hobgoblins
  4 jackals (D:1)
  2 quokkas
  7 ball pythons
  5 bats
  8 frilled lizards
  16 kobolds
  10 rats
240 creatures vanquished.

Vanquished Creatures (others)
  A sleepcap (D:5)
  An endoplasm (D:4)
  A hobgoblin (D:4)
3 creatures vanquished.

Grand Total: 243 creatures vanquished

Notes
Turn   | Place    | Note
-------+----------+-------------------------------------------
     0 | D:1      | Fandomethor the Gnoll Shapeshifter began the quest for the
                  | Orb.
     0 | D:1      | Reached XP level 1. HP: 17/17 MP: 1/1
    60 | D:1      | Reached XP level 2. HP: 21/23 MP: 2/2
   367 | D:1      | Reached XP level 3. HP: 20/28 MP: 3/3
   877 | D:2      | Reached skill level 1 in Invocations
   967 | D:2      | Noticed Sigmund
   975 | D:2      | Killed Sigmund
   976 | D:2      | Reached skill level 1 in Short Blades
   976 | D:2      | Reached skill level 1 in Long Blades
   976 | D:2      | Reached skill level 1 in Axes
   976 | D:2      | Reached skill level 1 in Maces & Flails
   976 | D:2      | Reached skill level 1 in Polearms
   976 | D:2      | Reached skill level 1 in Staves
   976 | D:2      | Reached skill level 1 in Ranged Weapons
   976 | D:2      | Reached skill level 1 in Throwing
   976 | D:2      | Reached skill level 1 in Armour
   976 | D:2      | Reached skill level 1 in Stealth
   976 | D:2      | Reached skill level 1 in Shields
   976 | D:2      | Reached skill level 1 in Spellcasting
   976 | D:2      | Reached skill level 1 in Conjurations
   976 | D:2      | Reached skill level 1 in Hexes
   976 | D:2      | Reached skill level 1 in Summonings
   976 | D:2      | Reached skill level 1 in Necromancy
   976 | D:2      | Reached skill level 1 in Translocations
   976 | D:2      | Reached skill level 1 in Fire Magic
   976 | D:2      | Reached skill level 1 in Ice Magic
   976 | D:2      | Reached skill level 1 in Air Magic
   976 | D:2      | Reached skill level 1 in Earth Magic
   976 | D:2      | Reached skill level 1 in Alchemy
   976 | D:2      | Reached skill level 1 in Evocations
   976 | D:2      | Reached XP level 4. HP: 26/35 MP: 4/6
   976 | D:2      | Reached XP level 5. HP: 29/41 MP: 4/7
  1102 | D:2      | Noticed Terence
  1113 | D:2      | Killed Terence
  1114 | D:2      | Reached XP level 6. HP: 18/47 MP: 8/8
  1241 | D:2      | You fall into a shaft and drop 2 floors!
  1355 | D:3      | Reached skill level 5 in Dodging
  1381 | D:3      | Found a glowing drain.
  1392 | Sewer    | Entered a sewer
  1814 | Sewer    | Reached XP level 7. HP: 10/52 MP: 6/10
  2584 | D:3      | Found a blossoming altar of Fedhas.
  2597 | D:3      | Noticed an oklob plant
  2618 | D:3      | Killed an oklob plant
  2619 | D:3      | Reached XP level 8. HP: 21/60 MP: 10/12
  3081 | D:3      | Became a worshipper of Fedhas Madash
  3148 | D:2      | Noticed Jessica
  3149 | D:2      | Killed Jessica
  4165 | D:4      | Found a sparkling altar of Nemelex Xobeh.
  4519 | D:4      | Found a stormy altar of Qazlal.
  4602 | D:4      | Reached * piety under Fedhas
  5000 | D:5      | Entered Level 5 of the Dungeon
  5213 | D:5      | Noticed Blork the orc
  5231 | D:5      | Killed Blork the orc
  5410 | D:6      | Reached ** piety under Fedhas
  5693 | D:6      | Reached XP level 9. HP: 53/66 MP: 14/14
  5742 | D:6      | Found an iron altar of Okawaru.
  6082 | D:5      | Found a shimmering altar of Xom.
  6116 | D:5      | Noticed an angel
  6118 | D:5      | Found a glowing silver altar of Zin.
  6174 | D:5      | Found Coifoucu's Antique Armour Shop.
  6581 | D:5      | Reached skill level 5 in Fighting
  6795 | D:6      | Found a radiant altar of Vehumet.
  7226 | D:6      | Found Cuemma's Book Emporium.
  7449 | D:7      | Reached skill level 5 in Invocations
  7452 | D:7      | Noticed Maurice
  7458 | D:7      | Maurice stole an amulet of faith
  7459 | D:7      | Maurice stole a beast talisman
  7461 | D:7      | Something stole a throwing net
  7462 | D:7      | Something stole 379 gold
  7544 | D:7      | Found a runed translucent gate.
  7544 | D:7      | Found a runed translucent gate.
  7544 | D:7      | Found a runed translucent gate.
  7762 | D:7      | Found a staircase to the Ecumenical Temple.
  7775 | Temple   | Entered the Ecumenical Temple
  7855 | D:7      | Found a burning altar of Makhleb.
  7855 | D:7      | Found a shadowy altar of Dithmenos.
  7971 | D:7      | Maurice stole 19 gold
  7999 | D:7      | HP: 5/102 [something (4)]
  8266 | D:7      | Killed Maurice
  8492 | D:7      | Identified the +5 ring mail of Hiyrphox {-Cast rElec
                  | Will+++ Regen+}
  8574 | D:7      | Noticed Drangen's ghost (novice CoHu)
  8592 | D:7      | Reached skill level 5 in Short Blades
  8592 | D:7      | Reached skill level 5 in Long Blades
  8592 | D:7      | Reached skill level 5 in Axes
  8592 | D:7      | Reached skill level 5 in Maces & Flails
  8592 | D:7      | Reached skill level 5 in Polearms
  8592 | D:7      | Reached skill level 5 in Staves
  8592 | D:7      | Reached skill level 5 in Ranged Weapons
  8592 | D:7      | Reached skill level 5 in Throwing
  8592 | D:7      | Reached skill level 5 in Armour
  8592 | D:7      | Reached skill level 5 in Stealth
  8592 | D:7      | Reached skill level 5 in Shields
  8592 | D:7      | Reached skill level 5 in Spellcasting
  8592 | D:7      | Reached skill level 5 in Evocations
  8592 | D:7      | Reached XP level 10. HP: 67/76 MP: 17/17
  9325 | D:8      | Noticed a two-headed ogre
  9643 | D:8      | Reached *** piety under Fedhas
 10384 | D:8      | Found a broken altar of Ashenzari.
 10463 | D:8      | Found a staircase to the Lair.
 10578 | D:8      | Killed a two-headed ogre
 10740 | D:8      | Got Sif Muna's Guidebook on Lapidarian Blasts
 11152 | D:9      | Noticed a two-headed ogre
 11171 | D:9      | Killed a two-headed ogre
 11193 | D:9      | Reached skill level 5 in Conjurations
 11193 | D:9      | Reached skill level 5 in Hexes
 11193 | D:9      | Reached skill level 5 in Summonings
 11193 | D:9      | Reached skill level 5 in Necromancy
 11193 | D:9      | Reached skill level 5 in Translocations
 11193 | D:9      | Reached skill level 5 in Fire Magic
 11193 | D:9      | Reached skill level 5 in Ice Magic
 11193 | D:9      | Reached skill level 5 in Air Magic
 11193 | D:9      | Reached skill level 5 in Earth Magic
 11193 | D:9      | Reached skill level 5 in Alchemy
 11264 | D:9      | Reached XP level 11. HP: 81/82 MP: 20/20
 11671 | D:9      | Paralysed by a hornet for 2 turns
 11780 | D:9      | Identified the +1 ring mail "Ijemaski" {rF+ Slay+4}
 12221 | D:10     | Entered Level 10 of the Dungeon
 12240 | D:10     | Found a white marble altar of Elyvilon.
 12441 | D:10     | HP: 1/73 [troll (8)]
 12704 | D:10     | Reached **** piety under Fedhas
 13132 | D:10     | HP: 2/75 [killer bee (8)]
 13155 | D:10     | Killed from afar by a gargoyle

Illustrated notes

Levels and vault maps discovered:
D:1:      roadster_arrival_rocket_large, layout_loops_ring, minmay_tetromino_t4
D:2:      layout_loops_ring, corner_web_ring, minivault_27, uniq_sigmund,
          uniq_terence, uniq_jessica
D:3:      layout_basic, tgw_fedhas, portal_sewer_entry_e
D:4:      layout_basic, nemelex_spade_bored_becter,
          nicolae_qazlal_general_emergency, minivault_19, grunt_ministairs_11,
          st_stairs_9, hex_intersection, kennysheep_donut, serial_bayou_lake_a
D:5:      layout_cave_pools, grunt_temple_overflow_order_and_chaos_1,
          serial_shops, nicolae_shop_tiny_glass, corexii_hall_statues_x,
          uniq_blork_the_orc
D:6:      layout_loops_corners, okawaru_ov_weapons_minmay,
          mainiacjoe_overflow_boulevard, serial_shops, shop
D:7:      layout_basic, gammafunk_temple_overflow_wave,
          minmay_temple_entry_stoned_glass, gammafunk_ghost_necromancy,
          serial_corexii_hall, chequers_hall_statues_wall_a,
          chequers_hall_statues_corner_a, uniq_maurice
D:8:      layout_rooms, mainiacjoe_overflow_surrounded_room,
          hellmonk_lair_entry_icy, kennysheep_generic_room_7
D:9:      layout_irregular_city
D:10:     layout_big_octagon, elyvilon_altar_3, kennysheep_little_box,
          chequers_big_river, st_stairs_14
Temple:   nicolae_temple_ecumenical_triangle

Skill      XL: |  1  2  3  4  5  6  7  8  9 10 11 |
---------------+----------------------------------+-----
Invocations    | 1 2 3 4 5 6 7 |  7.2
Fighting       | 3 4 5 6 7 |  7.1
Short Blades   | 1 2 3 5 6 |  6.6
Long Blades    | 1 2 3 5 6 |  6.6
Axes           | 1 2 3 5 6 |  6.6
Maces & Flails | 1 2 3 5 6 |  6.6
Polearms       | 1 2 3 5 6 |  6.6
Staves         | 1 2 3 5 6 |  6.6
Ranged Weapons | 1 2 3 5 6 |  6.6
Throwing       | 1 2 3 5 6 |  6.6
Armour         | 1 2 3 5 6 |  6.6
Stealth        | 1 2 3 5 6 |  6.6
Shields        | 1 2 3 5 6 |  6.6
Spellcasting   | 1 2 3 5 6 |  6.6
Conjurations   | 1 2 3 4 5 |  5.4
Hexes          | 1 2 3 4 5 |  5.4
Summonings     | 1 2 3 4 5 |  5.4
Necromancy     | 1 2 3 4 5 |  5.4
Translocations | 1 2 3 4 5 |  5.4
Fire Magic     | 1 2 3 4 5 |  5.4
Ice Magic      | 1 2 3 4 5 |  5.4
Air Magic      | 1 2 3 4 5 |  5.4
Earth Magic    | 1 2 3 4 5 |  5.4
Alchemy        | 1 2 3 4 5 |  5.4
Evocations     | 1 2 3 5 6 |  6.6
Dodging        | 5 6 7 8 |  8.1
Unarmed Combat | 7 8 9 |  9.4
Shapeshifting  | 7 8 9 |  9.0

Action                     |  1- 3 |  4- 6 |  7- 9 | 10-12 || total
---------------------------+-------+-------+-------+-------++-------
  Melee: Unarmed           |    79 |   131 |   456 |   284 ||   950
         Bite              |     9 |    15 |    60 |    40 ||   124
         Punch             |       |       |     1 |     1 ||     2
 Invoke: Wall of Briars    |       |       |     2 |     1 ||     3
Ability: Begin Untransform |       |       |       |     1 ||     1
    Use: Scroll            |       |       |     9 |     5 ||    14
         Potion            |       |       |     7 |     5 ||    12
   Stab: Sleeping          |       |       |     2 |       ||     2
         Distracted        |       |       |     1 |       ||     1
 Armour: Animal skin       |     3 |       |       |       ||     3
         Skin              |    23 |    39 |   176 |   108 ||   346
         Steam dragon scal |       |       |       |    43 ||    43
  Dodge: Dodged            |    49 |   103 |   309 |   243 ||   704
   Form: Flux              |     1 |       |       |     1 ||     2
         Blade             |       |       |       |     1 ||     1

Table legend: (Time is in decaauts)
 A = Elapsed time spent in this place.
 B = Non-inter-level travel time spent in this place.
 C = Inter-level travel time spent in this place.
 D = Time resting spent in this place.
 E = Time spent auto-exploring this place.
 F = Levels seen in this place.
 G = Mean time per level.
                   A        B        C        D        E       F      G
               +--------+--------+--------+--------+--------+-----+--------+
         Total |  13145 |  12550 |    595 |   2005 |   8143 |  12 | 1095.4 |
       Dungeon |  12337 |  11743 |    594 |   1861 |   7733 |  10 | 1233.7 |
        Temple |      1 |      1 |      0 |      0 |      0 |   1 |    1.0 |
         Sewer |    805 |    805 |      0 |    144 |    409 |   1 |  805.0 |
               +--------+--------+--------+--------+--------+-----+--------+

Top non-repeatable levels by time:
     D:6: 1946 daAuts
     D:7: 1852 daAuts
     D:4: 1348 daAuts
     D:9: 1302 daAuts
     D:3: 1211 daAuts
     D:8: 1028 daAuts
     D:5: 1021 daAuts
    D:10: 924 daAuts
     D:1: 860 daAuts
     D:2: 841 daAuts
   Sewer: 805 daAuts
  Temple: 1 daAuts
